 Dungeon Crawl Stone Soup version 0.28-a0-1613-gdaab1c2f9b (console) character file.

Game seed: 4336930851445283016

7 Melian the Skirmisher (level 1, 0/20 HPs)
             Began as a Minotaur Berserker on Jan 22, 2022.
             Was a Follower of Trog.
             Slain by a kobold (4 damage)
             ... on level 1 of the Dungeon.
             The game lasted 00:00:36 (207 turns).

Melian the Skirmisher (Minotaur Berserker)           Turns: 207, Time: 00:00:36

Health: 0/20       AC:  2    Str: 21    XL:     1   Next: 83%
Magic:  0/0        EV: 12    Int:  4    God:    Trog [*.....]
Gold:   0          SH:  0    Dex:  9    Spells: 0/0 levels left

rFire   . . .      SeeInvis .   c - +0 hand axe (vorpal)
rCold   . . .      Faith    .   (no shield)
rNeg    . . .      Spirit   .   b - +0 animal skin
rPois   .          Reflect  .   (helmet restricted)
rElec   .          Harm     .   (no cloak)
rCorr   .          Rampage  .   (no gloves)
Will    .....                   (no boots)
Stlth   +.........              (no amulet)
HPRegen 0.06/turn               (no ring)
MPRegen 0.07/turn               (no ring)

@: no status effects
A: horns 2, retaliatory headbutt
a: Renounce Religion, Berserk


You were on level 1 of the Dungeon.
You worshipped Trog.
Trog was aware of your devotion.
You visited 1 branch of the dungeon, and saw 1 of its levels.

Inventory:

Hand Weapons
 c - a +0 vorpal hand axe (weapon)
Missiles
 a - a throwing net (quivered)
Armour
 b - a +0 animal skin (worn)


   Skills:
 + Level 3.8 Fighting
 + Level 3.8 Axes
 + Level 2.6 Armour
 + Level 2.3 Dodging


You couldn't memorise any spells.
You didn't know any spells.
Your spell library was empty.

Dungeon Overview and Level Annotations

Branches:
Dungeon (1/15)

Altars:


Innate Abilities, Weirdness & Mutations

You have a pair of horns on your head.
You reflexively headbutt those who attack you in melee.


Message History

The bat misses you. The bat hits you but does no damage.
The bat barely misses you.
You slash the bat!
You kill the bat!
Trog accepts your kill.
Found a runed hand axe.
You see here a +0 vorpal hand axe.
c - a +0 vorpal hand axe
c - a +0 vorpal hand axe (weapon)
You drop a +0 hand axe.
As you open the door, it creaks loudly!
A kobold and a rat come into view.
The kobold shouts!
You hear a shout!
Found a throwing net.
You hit the rat.
You kill the rat!
Trog accepts your kill.
A kobold comes into view.
It is wielding a +2 dagger of holy wrath.
You slash the kobold!
You kill the kobold!
Trog accepts your kill.
There is an open door here.
You see here a +0 whip.
The kobold hits you with a +2 dagger of holy wrath.
You see here a throwing net.
You barely miss the kobold.
The kobold hits you with a +2 dagger of holy wrath.
You barely miss the kobold.
The kobold hits you with a +2 dagger of holy wrath.
a - a throwing net The kobold hits you with a +2 dagger of holy wrath.
You barely miss the kobold. Your headbutt misses the kobold.
The kobold hits you with a +2 dagger of holy wrath.
* * * LOW HITPOINT WARNING * * *
The kobold hits you with a +2 dagger of holy wrath.
* * * LOW HITPOINT WARNING * * *
You barely miss the kobold. Your headbutt misses the kobold.
The kobold hits you with a +2 dagger of holy wrath.
You die...

#.# #.....##..###.##. #.#
##...###..# #.##. #.#
##.......###.##. #.#
#.#####........ #.# #.# #########
##.## #+## # ##...## #...## #
##.....# ##.....## # #......#
##.......# #
######.^....###......... #
..............).@K...... #
######.#...####......... #
#.##.## ##.......# # #.####
##.....## # #.####### #...## #
##.......# #+## ### #...####.#
#.# #.. #...)..#.# #.# #.#
#...##.#.# ##.## ########.#
##.###.#.## ##...###........#
######.#......###.....##.#####..#


You could see a kobold.

Vanquished Creatures
  A dart slug (D:1)
  A bat (D:1)
  A frilled lizard (D:1)
  2 kobolds (D:1)
  A rat (D:1)
6 creatures vanquished.

Vanquished Creatures (others)
  3 plants (D:1)
3 creatures vanquished.

Grand Total: 9 creatures vanquished

Notes
Turn   | Place    | Note
-------+----------+-------------------------------------------
     0 | D:1      | Melian the Minotaur Berserker began the quest for the Orb.
     0 | D:1      | Reached XP level 1. HP: 19/19 MP: 0/0
   207 | D:1      | Slain by a kobold

Illustrated notes

Levels and vault maps discovered:
D:1:      roderic_crop_circles_arrival_small, layout_loops_corners,
          hellmonk_ecumenical_altar_dog_temple

Action                   || total
-------------------------++-------
Melee: Hand axe          ||    12
       Headbutt          ||     1
Armor: Animal skin       ||     1
Dodge: Dodged            ||     6

Table legend: (Time is in decaauts)
 A = Elapsed time spent in this place.
 B = Non-inter-level travel time spent in this place.
 C = Inter-level travel time spent in this place.
 D = Time resting spent in this place.
 E = Time spent auto-exploring this place.
 F = Levels seen in this place.
 G = Mean time per level.
                   A        B        C        D        E       F      G
               +--------+--------+--------+--------+--------+-----+--------+
         Total |    207 |    207 |      0 |      0 |    153 |   1 |  207.0 |
       Dungeon |    207 |    207 |      0 |      0 |    153 |   1 |  207.0 |
               +--------+--------+--------+--------+--------+-----+--------+

Top non-repeatable levels by time:
     D:1: 207 daAuts
